 Dungeon Crawl Stone Soup version 0.28-a0-1505-g8c907de6ad (webtiles) character file.

Game seed: 14053878947639596259

93 Hasart the Covered (level 4, -1/40 HPs)
             Began as a Minotaur Fighter on Jan 13, 2022.
             Killed by nerve-wracking pain
             ... invoked by Grinder
              (14 damage)
             ... on level 3 of the Dungeon.
             The game lasted 00:03:15 (1841 turns).

Hasart the Covered (Minotaur Fighter)               Turns: 1841, Time: 00:03:16

Health: -1/40      AC:  7    Str: 21    XL:     4   Next: 36%
Magic:  3/3        EV:  9    Int:  5    God:
Gold:   81         SH:  4    Dex: 11    Spells: 3/3 levels left

rFire   . . .      SeeInvis .   a - +0 long sword
rCold   . . .      Faith    .   c - +0 buckler
rNeg    . . .      Spirit   .   b - +0 scale mail
rPois   .          Reflect  .   (helmet restricted)
rElec   .          Harm     .   (no cloak)
rCorr   .          Rampage  .   (no gloves)
Will    .....                   (no boots)
Stlth   ..........              (no amulet)
HPRegen 0.13/turn               (no ring)
MPRegen 0.08/turn               (no ring)

@: no status effects
A: horns 2, retaliatory headbutt
a: no special abilities


You were on level 3 of the Dungeon.
You visited 1 branch of the dungeon, and saw 3 of its levels.

You collected 81 gold pieces.

Inventory:

Hand Weapons
 a - a +0 long sword (weapon)
Missiles
 i - 2 poisoned darts (quivered)
 k - a throwing net
Armour
 b - a +0 scale mail (worn)
 c - a +0 buckler (worn)
Wands
 j - a wand of flame (10)
Scrolls
 e - a scroll of amnesia {unknown}
 f - a scroll of fog {unknown}
 h - a scroll of blinking {unknown}
 l - a scroll of teleportation {unknown}
Potions
 d - a potion of might
 g - 2 potions of heal wounds {unknown}


   Skills:
 + Level 4.2 Fighting
 * Level 3.9 Long Blades
 + Level 0.8 Throwing
 + Level 4.2 Armour
 + Level 4.2 Shields


You had 3 spell levels left.
You didn't know any spells.
Your spell library was empty.

Dungeon Overview and Level Annotations

Branches:
Dungeon (3/15)

Altars:

Annotations:
D:3 Grinder


Innate Abilities, Weirdness & Mutations

You have a pair of horns on your head.
You reflexively headbutt those who attack you in melee.


Message History

A rat comes into view.
A rat is nearby!
The rat bites you but does no damage.
You slash the rat!
You kill the rat!
No target in view!
Grinder comes into view.
Found 14 stones.
Grinder shouts!
Grinder is nearby!
You slash Grinder!
Grinder is lightly wounded.
Grinder hits you but does no damage.
You hit Grinder. You headbutt Grinder, but do no damage.
Grinder is moderately wounded.
Grinder hits you but does no damage.
You hit Grinder.
Grinder is moderately wounded.
Grinder hits you.
You writhe in agony.
You slash Grinder!
Grinder is severely wounded.
Grinder misses you.
You slash Grinder!
Grinder is almost dead.
Grinder hits you!
You writhe in agony.
Grinder gestures at you. Pain shoots through your body!
* * * LOW HITPOINT WARNING * * *
You closely miss Grinder.
Grinder is almost dead.
Grinder blinks!
You closely miss Grinder. You headbutt Grinder.
Grinder is almost dead.
Grinder blinks!
Grinder blinks!
You hit Grinder but do no damage. Your headbutt misses Grinder.
Grinder is almost dead.
Grinder gestures at you. Pain shoots through your body!
You die...

........##..)....#
#....
........##.......#
#.###
.................#
#.###
........########.#
#....
##.####.......##.#
####<
...............>#
#.
#.####..#.##.####
#. #..#.##§### ##
#..#.@....#
#....5..(.#
####§.....#
.........#
##.##...... #..
...... #.# ......
#.# ...... #.# ...


You could see Grinder.

Vanquished Creatures
  An adder (D:2)
  4 gnolls (D:2)
  2 worms (D:2)
  2 dart slugs (D:2)
  3 endoplasms
  2 giant cockroaches (D:1)
  3 goblins
  5 hobgoblins
  A kobold (D:1)
  3 ball pythons
  2 bats
  3 frilled lizards
  7 rats
38 creatures vanquished.

Notes
Turn   | Place    | Note
-------+----------+-------------------------------------------
     0 | D:1      | Hasart the Minotaur Fighter began the quest for the Orb.
     0 | D:1      | Reached XP level 1. HP: 19/19 MP: 0/0
   285 | D:1      | Reached XP level 2. HP: 27/27 MP: 1/1
   773 | D:2      | Reached XP level 3. HP: 33/33 MP: 2/2
   924 | D:2      | Found a faded altar of an unknown god.
  1419 | D:2      | Reached XP level 4. HP: 25/40 MP: 3/3
  1822 | D:3      | Noticed Grinder
  1841 | D:3      | Killed from afar by Grinder

Illustrated notes

Levels and vault maps discovered:
D:1:      dpeg_arrival_erosion, layout_rooms, minmay_crystal_room
D:2:      layout_loops_ring, chequers_ecumenical_altar_simple
D:3:      layout_basic, uniq_natasha, uniq_jessica, uniq_grinder

Skill      XL: |  1  2  3 |
---------------+----------+-----
Long Blades    | 3 |  3.9
Armour         | 4 |  4.2
Shields        | 4 |  4.2
Fighting       | 4 |  4.2
Throwing       | |  0.8

Action                   |  1- 3 |  4- 6 || total
-------------------------+-------+-------++-------
Melee: Long sword        |    76 |    17 ||    93
       Headbutt          |    13 |     2 ||    15
Armor: Scale mail        |    33 |     3 ||    36
Dodge: Dodged            |    36 |     5 ||    41
Block: Buckler           |    14 |     3 ||    17

Table legend: (Time is in decaauts)
 A = Elapsed time spent in this place.
 B = Non-inter-level travel time spent in this place.
 C = Inter-level travel time spent in this place.
 D = Time resting spent in this place.
 E = Time spent auto-exploring this place.
 F = Levels seen in this place.
 G = Mean time per level.
                   A        B        C        D        E       F      G
               +--------+--------+--------+--------+--------+-----+--------+
         Total |   1867 |   1812 |     55 |    181 |   1347 |   3 |  622.3 |
       Dungeon |   1867 |   1812 |     55 |    181 |   1347 |   3 |  622.3 |
               +--------+--------+--------+--------+--------+-----+--------+

Top non-repeatable levels by time:
     D:2: 1081 daAuts
     D:1: 594 daAuts
     D:3: 191 daAuts
